 Dungeon Crawl Stone Soup version 0.22.0-6-g71bd7aa (webtiles) character file.

8835 Lew the Cleaver (level 11, -3/94 HPs)
             Began as a Minotaur Fighter on Aug 15, 2018.
             Was a Believer of Ashenzari.
             Slain by a flayed ghost (11 damage)
             ... on level 10 of the Dungeon.
             The game lasted 00:30:15 (8372 turns).

Lew the Cleaver (Minotaur Fighter)                  Turns: 8372, Time: 00:30:16

Health: -3/94      AC: 16    Str: 28      XL:     11   Next: 15%
Magic:  10/10      EV: 11    Int:  3 (5)  God:    Ashenzari [**....]
Gold:   335        SH: 16    Dex: 10 (11) Spells: 10/10 levels left

rFire    + . .     SeeInvis .   C - -3 war axe (curse)
rCold    + + .     Gourm    .   c - +0 shield
rNeg     . . .     Faith    .   z - +1 chain mail {rC+}
rPois    +         Spirit   .   (helmet restricted)
rElec    +         Reflect  +   (no cloak)
rCorr    +         Harm     .   e - +0 pair of gloves
MR       .....                  k - +0 pair of boots
Stlth    ..........             u - +4 amulet of reflection
HPRegen  0.25/turn              n - +5 ring of strength
MPRegen  0.12/turn              t - ring of poison resistance

@: resistant, flayed
A: retaliatory headbutt, horns 2, repulsion field 1, deterioration 1, shaggy fur
1
a: Curse Item, Scrying, Renounce Religion


You were on level 10 of the Dungeon.
You worshipped Ashenzari.
Ashenzari was pleased with you.
You were not hungry.

You visited 2 branches of the dungeon, and saw 11 of its levels.

You collected 530 gold pieces.
You spent 195 gold pieces at shops.

Inventory:

Hand Weapons
 a - a +0 war axe
 l - a +0 broad axe
 q - a +3 whip
 C - a cursed -3 war axe (weapon)
 D - a +3 trident of venom
Armour
 c - a +0 shield (worn)
 e - a +0 pair of gloves (worn)
 k - a +0 pair of boots (worn)
 o - a +0 large shield
 z - a +1 chain mail of cold resistance (worn)
Jewellery
 h - an uncursed ring of see invisible
 n - a +5 ring of strength (left hand)
 s - an uncursed amulet of faith
 t - a ring of poison resistance (right hand)
 u - a +4 amulet of reflection (around neck)
Wands
 p - a wand of flame (71)
 r - a wand of enslavement (17)
 A - a wand of random effects (55)
 L - a wand of iceblast (1)
Scrolls
 j - 4 scrolls of fog
 w - a scroll of summoning
 x - 2 scrolls of teleportation
 y - a scroll of holy word
 E - a scroll of enchant weapon
 F - a scroll of enchant armour
 I - a scroll of magic mapping
Potions
 b - a potion of lignification
 d - a potion of might
 g - 7 potions of curing
 i - 2 potions of resistance
 m - 2 potions of agility
 v - 2 potions of brilliance
 G - a potion of flight
 H - 3 potions of haste
 K - a potion of cancellation {unknown}
Miscellaneous
 J - a sack of spiders
Comestibles
 f - 11 rations


   Skills:
 * Level 8.1 Fighting
 + Level 11.0(14.4) Axes
 - Level 7.6(10.3) Maces & Flails
 - Level 7.6(10.4) Polearms
 + Level 8.8 Armour
 + Level 3.4 Dodging
 + Level 8.9 Shields


You had 10 spell levels left.
You didn't know any spells.
Your spell library contained the following spells:

 Spells                   Type           Power        Failure   Level  Hunger
 Magic Dart               Conj           #...         99%         1    ##.....
 Confuse                  Hex            #.......     100%        3    ####...
 Iskenderun's Mystic Bla  Conj           #.......     100%        4    #####..
 Animate Dead             Necr           N/A          100%        4    #####..
 Pain                     Necr           #...         99%         1    ##.....
 Animate Skeleton         Necr           N/A          99%         1    ##.....
 Vampiric Draining        Necr           #.........   100%        3    ####...
 Regeneration             Chrm/Necr      #.........   100%        3    ####...
 Summon Demon             Summ           #.........   100%        5    ######.
 Recall                   Summ/Tloc      N/A          100%        3    ####...
 Shadow Creatures         Summ           N/A          100%        6    #######
 Confusing Touch          Hex            #.....       99%         1    ##.....
 Metabolic Englaciation   Hex/Ice        #.........   100%        5    ######.
 Petrify                  Tmut/Erth      #.......     100%        4    #####..
 Aura of Abjuration       Summ           #.........   100%        5    ######.
 Fulminant Prism          Conj/Hex       #.........   100%        4    #####..
 Dazzling Spray           Conj/Hex       #.....       100%        3    ####...
 Force Lance              Conj/Tloc      #.......     100%        4    #####..
 Searing Ray              Conj           #.....       100%        2    ###....
 Summon Forest            Summ/Tloc      #.........   100%        5    ######.
 Summon Mana Viper        Hex/Summ       #.......     100%        5    ######.
 Gell's Gravitas          Tloc           #.........   100%        3    ####...
 Yara's Violent Unravell  Hex/Tmut       #.........   100%        5    ######.


Dungeon Overview and Level Annotations

Branches:
Dungeon (10/15)            Temple (1/1) D:7
   Lair: D:8-11         Orc: D:9-12

Altars:
Ashenzari
Cheibriados
Dithmenos
Elyvilon
Fedhas
Gozag
Hepliaklqana
Kikubaaqudgha
Makhleb
Nemelex Xobeh
Okawaru
Qazlal
Ru
Sif Muna
Trog
Uskayaw
Vehumet
Wu Jian
Xom
Yredelemnul
Zin
The Shining One

Shops:
D:6 [


Innate Abilities, Weirdness & Mutations

You reflexively headbutt those who attack you in melee.
You have a pair of horns on your head.
You are surrounded by a mild repulsion field. (EV +2)
Your body sometimes deteriorates upon taking damage.
You are covered in fur. (AC +1)


Message History

You miss the flayed ghost. You headbutt the flayed ghost.
The flayed ghost is severely damaged.
The flayed ghost hits you!
* * * LOW HITPOINT WARNING * * *
Unknown command.
You feel protected. The flayed ghost barely misses you.
You closely miss the flayed ghost.
The flayed ghost is severely damaged.
The flayed ghost hits you but does no damage.
You miss the flayed ghost.
The flayed ghost is severely damaged.
You closely miss the hound. The hound barely misses you.
You furiously retaliate!
You headbutt the hound, but do no damage.
The flayed ghost barely misses you. You block the hound's attack.
You closely miss the flayed ghost.
The flayed ghost is severely damaged.
You hit the hound. You block the hound's attack. The flayed ghost hits you!
You die...

###..#####...#.#.#.#....... ,
,#..#....######.###.......
+..#####.....#.#[........
#####>)(...#############....)
,
................#)#)....#####)
....#####.....###.######....#.
... *,, #.....#D#.#.#...#####.
.. * #...###.#$#.####..#.)) #
* , ,#...#@#.#,#...#.###... ,
#...h#W# ##...##...... , ,,
#....#.#,#............ ,,
#....###{#.....†...... ,, ,
#......#{#............ ,
#......###............
#..................### , ,
#..................#
#.........#######..#


You could see a flayed ghost and a hound.

Vanquished Creatures
  An ice dragon (D:10)
  A two-headed ogre (D:9)
  A centaur warrior (D:10)
  A deep elf knight (D:10)
  A flayed ghost (D:10)
  A manticore (D:10)
  2 hippogriffs
  A spriggan (D:9)
  A wraith (D:10)
  Menkaure (D:5)
  An acid dragon (D:10)
  2 water moccasins
  The ghost of Masnef the Sneak, an amateur SpSu (D:3)
  A black bear (D:9)
  3 sky beasts
  6 orc warriors
  A phantom (D:7)
  9 ogres
  A necrophage (D:8)
  A centaur (D:7)
  A big kobold (D:4)
  A water moccasin zombie (D:10)
  5 bullfrogs
  3 scorpions
  3 killer bees (D:10)
  3 howler monkeys
  2 crimson imps (D:6)
  A centaur zombie (D:6)
  A quasit (D:7)
  A bullfrog zombie (D:6)
  A jelly (D:5)
  5 hounds
  11 orc priests
  10 orc wizards
  4 bullfrog skeletons
  An iguana (D:9)
  3 worker ants
  A hound zombie (D:3)
  A worker ant zombie (D:3)
  Robin (D:3)
  A river rat (D:3)
  8 adders
  2 shadow imps
  2 oozes (D:2)
  An adder zombie (D:3)
  3 adder skeletons
  A worm (D:3)
  3 dart slugs
  2 leopard geckos
  47 orcs
  8 giant cockroaches
  13 goblins
  8 hobgoblins
  8 jackals
  6 quokkas
  A ball python skeleton (D:3)
  4 bats
  6 frilled lizards
  A giant cockroach zombie (D:6)
  4 kobolds
  A leopard gecko skeleton (D:6)
  2 leopard gecko zombies (D:3)
  A quokka skeleton (D:4)
  A quokka zombie (D:5)
  3 rats
233 creatures vanquished.

Vanquished Creatures (collateral kills)
  A bullfrog (D:5)
1 creature vanquished.

Grand Total: 234 creatures vanquished

Notes
Turn   | Place    | Note
-------+----------+-------------------------------------------
     0 | D:1      | Lew the Minotaur Fighter began the quest for the Orb.
     0 | D:1      | Reached XP level 1. HP: 19/19 MP: 0/0
   149 | D:1      | Reached XP level 2. HP: 27/27 MP: 1/1
   430 | D:1      | Found a shattered altar of Ashenzari.
   912 | D:1      | Became a worshipper of Ashenzari the Shackled
  1150 | D:2      | Reached XP level 3. HP: 33/33 MP: 2/2
  1601 | D:3      | Reached skill level 1 in Dodging
  1615 | D:3      | Reached XP level 4. HP: 31/40 MP: 3/3
  1636 | D:3      | Found a sparkling altar of Nemelex Xobeh.
  1677 | D:3      | You fall through a shaft!
  1680 | D:4      | Reached skill level 3 in Axes
  1717 | D:4      | Noticed a big kobold
  1730 | D:4      | Killed a big kobold
  1730 | D:4      | Reached XP level 5. HP: 40/47 MP: 4/4
  1792 | D:4      | Reached skill level 5 in Armour
  1792 | D:4      | Reached skill level 5 in Shields
  1870 | D:4      | Noticed an ogre
  1873 | D:4      | Killed an ogre
  1873 | D:4      | Reached XP level 6. HP: 53/53 MP: 5/5
  1964 | D:3      | Found a radiant altar of Vehumet.
  1973 | D:3      | Noticed Robin
  1984 | D:3      | Killed Robin
  2214 | D:3      | Reached skill level 4 in Axes
  2283 | D:3      | Found a runed door.
  2286 | D:3      | Noticed Masnef's ghost (amateur SpSu)
  2292 | D:3      | Reached skill level 5 in Fighting
  2315 | D:3      | Killed Masnef's ghost
  2315 | D:3      | Reached XP level 7. HP: 43/61 MP: 6/6
  2323 | D:3      | Found a runed door.
  2824 | D:4      | Gained mutation: You are surrounded by a mild repulsion field. (EV +2) [potion of mutation]
  2824 | D:4      | Gained mutation: Your body sometimes deteriorates upon taking damage. [potion of mutation]
  2824 | D:4      | Gained mutation: You are covered in fur. (AC +1) [potion of mutation]
  2952 | D:4      | Found a stormy altar of Qazlal.
  2954 | D:4      | Noticed an air elemental
  2955 | D:4      | Noticed a fire elemental
  2955 | D:4      | Noticed a water elemental
  2995 | D:4      | Reached * piety under Ashenzari
  3405 | D:5      | Entered Level 5 of the Dungeon
  3542 | D:5      | Noticed Menkaure
  3550 | D:5      | Killed Menkaure
  3550 | D:5      | Reached skill level 5 in Axes
  3550 | D:5      | Reached XP level 8. HP: 52/70 MP: 7/7
  3660 | D:5      | Found a radiant altar of Vehumet.
  3848 | D:5      | Found a burning altar of Makhleb.
  3848 | D:5      | Noticed a cacodemon
  3851 | D:5      | Noticed a hellwing
  4142 | D:6      | Reached skill level 1 in Maces & Flails
  4163 | D:6      | Found Tumuh's Antique Armour Emporium.
  4171 | D:6      | Bought a shiny chain mail for 195 gold pieces
  4236 | D:6      | Reached skill level 6 in Axes
  4295 | D:6      | Reached skill level 7 in Axes
  4861 | D:7      | Reached XP level 9. HP: 42/75 MP: 8/8
  4865 | D:7      | Reached skill level 8 in Axes
  5069 | D:7      | Reached skill level 1 in Polearms
  5655 | D:7      | Found a staircase to the Ecumenical Temple.
  5723 | D:7      | Reached ** piety under Ashenzari
  5766 | D:7      | Reached skill level 9 in Axes
  5904 | D:7      | Found a white marble altar of Elyvilon.
  6114 | Temple   | Entered the Ecumenical Temple
  6312 | D:8      | Reached skill level 5 in Maces & Flails
  6400 | D:8      | Reached skill level 5 in Polearms
  7252 | D:9      | Reached skill level 10 in Axes
  7252 | D:9      | Reached XP level 10. HP: 83/83 MP: 9/9
  7347 | D:9      | Found a deep blue altar of Sif Muna.
  7366 | D:9      | Noticed a two-headed ogre
  7376 | D:9      | Killed a two-headed ogre
  7446 | D:9      | Found a basalt altar of Yredelemnul.
  7581 | D:9      | Reached *** piety under Ashenzari
  7796 | D:10     | Entered Level 10 of the Dungeon
  7961 | D:10     | Noticed a centaur warrior
  7971 | D:10     | Killed a centaur warrior
  7972 | D:10     | Noticed an ice dragon
  7990 | D:10     | Killed an ice dragon
  8087 | D:10     | Noticed a deep elf knight
  8096 | D:10     | Noticed a manticore
  8165 | D:10     | Killed a deep elf knight
  8238 | D:10     | Noticed a flayed ghost
  8249 | D:10     | Killed a flayed ghost
  8249 | D:10     | Reached XP level 11. HP: 78/94 MP: 10/10
  8260 | D:10     | Reached skill level 11 in Axes
  8349 | D:10     | Noticed a flayed ghost
  8372 | D:10     | Slain by a flayed ghost

Skill      XL: |  1  2  3  4  5  6  7  8  9 10 11 |
---------------+----------------------------------+-----
Shields        | 4 5 6 7 8 |  8.9
Armour         | 4 5 6 7 8 |  8.8
Fighting       | 4 5 6 7 8 |  8.1
Dodging        | 1 3 |  3.4
Axes           | 3 4 5 7 10 11 | 11.0
Maces & Flails | 3 5 7 |  7.6
Polearms       | 5 7 |  7.6

Action                   |  1- 3 |  4- 6 |  7- 9 | 10-12 || total
-------------------------+-------+-------+-------+-------++-------
Melee: War axe           |    91 |    61 |   324 |   162 ||   638
       Headbutt          |    11 |    11 |    74 |    37 ||   133
       Whip              |       |    42 |       |       ||    42
Invok: Scrying           |       |       |       |     1 ||     1
Evoke: Wand              |       |       |     1 |    11 ||    12
  Use: Scroll            |     3 |       |    11 |     3 ||    17
       Potion            |     2 |       |     1 |     1 ||     4
  Eat: Chunk             |     1 |       |     4 |       ||     5
       Ration            |       |     1 |     4 |     1 ||     6
Armor: Scale mail        |    41 |    52 |    26 |       ||   119
       Chain mail        |       |       |    96 |    51 ||   147
Dodge: Dodged            |    30 |    35 |   129 |    45 ||   239
Block: Shield            |    45 |    55 |   165 |    91 ||   356
       Reflection        |       |       |       |     1 ||     1
